cohdb
Replays
Latest Replays
All Replays
Popular Replays
Top Player Replays
Match Explorer
How It Works
Community
CoH3 Stats
Reddit
Sign in to upload your games and track your stats! →
Sign in with Steam
Match 38205556
Unlisted
Match 38205556
Overview
Messages
Build Orders
End
Construct Section Command Post
Infantry Section
Infantry Section
Infantry Section
Construct Platoon Command Post
Unlock M3 Stuart Light Tanks
M3 Stuart Light Tank
Grenade Package
6-pounder Anti-tank Gun Team
Infantry Section
Vickers Machine Gun Team
Construct Company Command Post
Unlock M3 Grant Medium Tanks
M3 Grant Medium Tank
Selects Heavy Armor Battlegroup
Selects Light Vehicle Withdraw and Refit
Selects Forward Repair Assembly
Selects Recon Artillery
Selects Rigorous Vehicle Training
Recon Artillery
M3 Grant Medium Tank
Foot Guards Section
Rogozilla
mattw02823
NotQuiteAKing
Mael Radec
0
0
Comments
sign in to comment!
No comments posted yet!